 Dungeon Crawl Stone Soup version 0.19.5 (webtiles) character file.

11068 Inarius the Blocker (level 11, -5/91 (94) HPs)
             Began as a Minotaur Fighter on Apr 17, 2017.
             Was the Champion of Okawaru.
             Slain by Snorg (13 damage)
             ... on level 11 of the Dungeon.
             The game lasted 00:51:26 (11199 turns).

Inarius the Blocker (Minotaur Fighter)             Turns: 11199, Time: 00:51:27

HP:   -5/91 (94)    AC: 25    Str: 23 (24) XL:     11   Next: 44%
MP:   9/10          EV:  9    Int:  5      God:    Okawaru [******]
Gold: 671           SH: 21    Dex: 10      Spells: 0 memorised, 10 levels left

rFire  + + .     SeeInvis .     U - +6 scimitar of Flaming Death {sticky flame, rPois rF++ rC- MR+}
rCold  x . .     Gourm    .     o - +0 plate armour
rNeg   . . .     Faith    +     M - +0 large shield
rPois  +         Spirit   .     (helmet restricted)
rElec  .         Reflect  .     z - +0 cloak
rCorr  .         Harm     .     b - +2 pair of gloves
MR     +....                    K - +0 pair of boots
Stlth  ..........               i - amulet of faith
                                (no ring)
                                (no ring)

@: heroism
A: retaliatory headbutt, horns 2, icy blue scales 1, molten scales 1, slimy
green scales 1, deformed body, deterioration 1, sense surroundings 1, wild magic
1
a: Heroism, Finesse, Renounce Religion


You were on level 11 of the Dungeon.
You worshipped Okawaru.
Okawaru was exalted by your worship.
You were not hungry.

You visited 1 branch of the dungeon, and saw 11 of its levels.

You collected 671 gold pieces.

Inventory:

Hand Weapons
 U - the +6 scimitar of Flaming Death (weapon) {sticky flame, rPois rF++ rC- MR+}
   (Okawaru gifted it to you on level 9 of the Dungeon)

   It has been specially enchanted to burn those struck by it, causing extra
   injury to most foes and up to half again as much damage against particularly
   susceptible opponents.
   Big, fiery blades are also staple armaments of hydra-hunters.
   It greatly protects you from fire.
   It makes you vulnerable to cold.
   It protects you from poison.
   It affects your resistance to hostile enchantments.
 W - a +8 morningstar of holy wrath
Missiles
 m - 7 javelins of penetration
 F - a tomahawk of returning (quivered)
Armour
 b - a +2 pair of gloves (worn)
 o - a +0 plate armour (worn)
 z - a +0 cloak (worn)
 K - a +0 pair of boots (worn)
 M - a +0 large shield (worn)
Jewellery
 i - an amulet of faith (around neck)
Wands
 a - a wand of flame (18/48)
 y - a wand of digging (11/24)
 A - a wand of enslavement (6/24)
 G - a wand of acid (4/15)
 H - a wand of iceblast (6/15)
 J - a wand of polymorph (18/24)
 S - a wand of slowing (16/48)
Scrolls
 h - 3 scrolls of fear {unknown}
 j - 2 scrolls of enchant armour {unknown}
 k - 3 scrolls of recharging
 l - a scroll of noise {unknown}
 p - a scroll of amnesia {unknown}
 B - a scroll of torment {unknown}
 C - 3 scrolls of teleportation {unknown}
 D - a scroll of acquirement {unknown}
 E - 3 scrolls of random uselessness {unknown}
 L - 2 scrolls of magic mapping {unknown}
 Q - a scroll of immolation {unknown}
 R - 2 scrolls of fog {unknown}
 T - a scroll of remove curse
Potions
 d - 2 potions of flight {unknown}
 e - 2 potions of haste
 g - a potion of degeneration {unknown}
 q - 3 potions of agility {unknown}
 r - a potion of beneficial mutation {unknown}
 t - a potion of cure mutation
 u - a potion of magic {unknown}
 v - 3 potions of heal wounds
 w - 3 potions of curing
 x - 3 potions of invisibility {unknown}
 I - 3 potions of lignification
 O - 2 potions of ambrosia {unknown}
 P - 2 potions of might
Comestibles
 c - 8 chunks of flesh
 f - 9 bread rations
 n - 5 meat rations
 N - 10 beef jerkies


   Skills:
 + Level 7.9(12.9) Fighting
 + Level 6.6(11.6) Long Blades
   Level 1.7(10.0) Axes
 - Level 7.5(13.7) Maces & Flails
   Level 6.3(13.0) Staves
 + Level 4.0(9.0) Throwing
 + Level 10.2(15.2) Armour
 + Level 2.4(7.4) Dodging
 + Level 2.5(7.5) Stealth
 + Level 12.2(17.2) Shields
 + Level 0.6 Invocations


You had 10 spell levels left.
You didn't know any spells.

Dungeon Overview and Level Annotations

Branches:
Dungeon (11/15)            Temple (0/1) D:7            Lair (0/6) D:11
    Orc (0/2) D:11

Altars:
Ashenzari
Elyvilon
Kikubaaqudgha
Okawaru
Qazlal
Zin

Annotations:
D:11 Snorg


Innate Abilities, Weirdness & Mutations

You reflexively headbutt those who attack you in melee.
You have a pair of horns on your head.
You are partially covered in icy blue scales. (AC +2)
You are partially covered in molten scales. (AC +2)
You are partially covered in slimy green scales. (AC +2)
Armour fits poorly on your strangely shaped body.
Your body sometimes deteriorates upon taking damage.
You passively map a small area around you.
Your spells are a little harder to cast, but a little more powerful.


Message History

Snorg is severely wounded.
Snorg burns!
You block Snorg's attack. x3
You hit Snorg. You burn Snorg.
Snorg is severely wounded.
Snorg burns!
You block Snorg's attack. Snorg claws you!
* * * LOW HITPOINT WARNING * * *
You block Snorg's attack.
You slash Snorg! You burn Snorg. Your headbutt misses Snorg.
Snorg is almost dead.
Snorg burns!
You block Snorg's attack. Snorg claws you but does no damage.
Snorg barely misses you. You block Snorg's attack. Snorg claws you.
* * * LOW HITPOINT WARNING * * *
Snorg claws you!
* * * LOW HITPOINT WARNING * * *
Your body deteriorates!
You feel weakened.
Snorg burns!
Snorg burns!
You block Snorg's attack. Snorg claws you but does no damage.
You block Snorg's attack. Snorg closely misses you. You block Snorg's attack.
Snorg claws you!
You die...

........†.[.<.# , ,
, .###...#######
##+# * * *
##...###..##., #..#
* , #............
,#... ,#............
,#... #............,
... **,,
##..####..... *##'#
###..############..#
#..@.#......>.......
#...T#..............
#....'...)..........
#....#..^.....##...#
#....#........######
##...##...)........#
#...##.......##...#
....##.......##...#
#.....#............#


You could see Snorg (berserk).

Vanquished Creatures
  Erica (D:9)
  Nergalle (D:10)
  Pikel (D:6)
  An ugly thing (D:11)
  Maurice (D:8)
  A gargoyle (D:11)
  2 trolls
  A two-headed ogre (D:9)
  A hornet (D:10)
  A hippogriff (D:8)
  Grinder (D:5)
  5 yaks
  2 wyverns
  A hungry ghost (D:10)
  3 wargs (D:11)
  Edmund (D:4)
  2 water moccasins
  Duvessa (D:6)
  3 orc warriors
  An eye of draining (D:9)
  2 ice beasts
  A necrophage (D:5)
  2 phantoms
  6 ogres
  2 sky beasts
  3 centaurs
  A crocodile (D:11)
  A big kobold (D:6)
  Blork the orc (D:6)
  5 bullfrogs
  2 scorpions
  Dowan (D:6)
  12 killer bees
  10 wights
  3 howler monkeys (D:8)
  7 crimson imps
  A bullfrog zombie (D:11)
  2 quasits
  3 hounds (D:5)
  2 jellies
  2 centaur skeletons
  3 orc priests
  9 orc wizards
  Crazy Yiuf (D:5)
  A bullfrog skeleton (D:9)
  9 iguanas
  9 worker ants
  A hound zombie (D:9)
  A howler monkey zombie (D:6)
  14 adders
  3 gnolls (D:3)
  2 river rats (D:11)
  3 shadow imps
  An ooze (D:2)
  2 adder skeletons (D:5)
  2 worms
  7 dart slugs
  7 leopard geckos
  35 orcs
  17 bats
  4 giant cockroaches
  3 hobgoblins (D:2)
  20 jackals
  2 quokkas
  A ball python (D:5)
  3 frilled lizards
  4 goblins
  15 kobolds
  14 rats
  A plant (D:11)
294 creatures vanquished.

Vanquished Creatures (others)
  2 slaves
  A howler monkey (D:6)
  An adder skeleton (D:6)
  3 jackals (D:6)
  6 fungi (D:11)
  A plant (D:11)
14 creatures vanquished.

Grand Total: 308 creatures vanquished

Notes
Turn   | Place    | Note
-------+----------+-------------------------------------------
     0 | D:1      | Inarius the Minotaur Fighter began the quest for the Orb.
     0 | D:1      | Reached XP level 1. HP: 19/19 MP: 0/0
   251 | D:1      | Reached XP level 2. HP: 26/27 MP: 1/1
   489 | D:1      | Reached skill level 4 in Shields
   860 | D:2      | Reached XP level 3. HP: 33/33 MP: 2/2
  1176 | D:2      | Reached XP level 4. HP: 40/40 MP: 3/3
  1263 | D:2      | Reached skill level 1 in Maces & Flails
  1540 | D:3      | Found an iron altar of Okawaru.
  1560 | D:3      | Became a worshipper of Warmaster Okawaru
  1609 | D:3      | Reached skill level 5 in Shields
  1609 | D:3      | Reached XP level 5. HP: 33/46 MP: 4/4
  1658 | D:3      | Found a white marble altar of Elyvilon.
  1660 | D:3      | Found an ancient bone altar of Kikubaaqudgha.
  1751 | D:3      | Found a glowing silver altar of Zin.
  2100 | D:4      | Found a shattered altar of Ashenzari.
  2307 | D:4      | Got a shimmering hand axe
  2308 | D:4      | Identified the cursed +1 hand axe of Uskayaw {flame, Int+6} (You found it on level 4 of the Dungeon)
  2406 | D:4      | Noticed Edmund
  2416 | D:4      | Killed Edmund
  2416 | D:4      | Reached XP level 6. HP: 31/53 MP: 5/5
  3214 | D:5      | Entered Level 5 of the Dungeon
  3221 | D:5      | Reached * piety under Okawaru
  3221 | D:5      | Reached skill level 5 in Maces & Flails
  3343 | D:5      | Found a stormy altar of Qazlal.
  3434 | D:5      | Reached skill level 5 in Armour
  3485 | D:5      | Reached XP level 7. HP: 15/60 MP: 6/6
  3739 | D:5      | Reached skill level 6 in Shields
  3914 | D:5      | Reached ** piety under Okawaru
  4219 | D:5      | Reached skill level 5 in Fighting
  4380 | D:5      | Found a runed door.
  4384 | D:5      | Noticed Crazy Yiuf
  4389 | D:5      | Killed Crazy Yiuf
  4526 | D:6      | Reached XP level 8. HP: 55/65 MP: 7/7
  4631 | D:6      | Noticed Grinder
  4901 | D:6      | Reached skill level 1 in Staves
  4929 | D:6      | Paralysed by Grinder for 3 turns
  4962 | D:5      | Killed Grinder
  5164 | D:6      | Noticed Pikel
  5184 | D:6      | Killed Pikel
  5184 | D:6      | Reached *** piety under Okawaru
  5184 | D:6      | Reached skill level 5 in Staves
  5184 | D:6      | Reached skill level 1 in Dodging
  5184 | D:6      | Reached skill level 1 in Stealth
  5184 | D:6      | Reached XP level 9. HP: 57/72 MP: 8/8
  5243 | D:6      | Reached **** piety under Okawaru
  5339 | D:6      | Noticed Blork the orc
  5345 | D:6      | Killed Blork the orc
  5739 | D:6      | Noticed Duvessa
  5741 | D:6      | Noticed Dowan
  5751 | D:6      | Killed Dowan
  5752 | D:6      | Killed Duvessa
  6080 | D:7      | Reached skill level 1 in Throwing
  6117 | D:7      | Got a pitted flail
  6122 | D:7      | Identified the +7 flail of Hetore {venom, *Drain +Blink Int+5 Dex-4} (You found it on level 7 of the Dungeon)
  6209 | D:7      | Found a staircase to the Ecumenical Temple.
  6320 | D:7      | Reached skill level 7 in Shields
  6820 | D:7      | Gained mutation: You are partially covered in molten scales. (AC +2) [mutagenic meat]
  6821 | D:7      | Gained mutation: You passively map a small area around you. [mutagenic meat]
  6822 | D:7      | Gained mutation: You are partially covered in icy blue scales. (AC +2) [mutagenic meat]
  6824 | D:7      | Gained mutation: You are partially covered in slimy green scales. (AC +2) [mutagenic meat]
  7391 | D:7      | Reached ***** piety under Okawaru
  7391 | D:7      | Reached skill level 8 in Shields
  7633 | D:8      | Noticed Maurice
  7856 | D:8      | Killed Maurice
  7856 | D:8      | Received a gift from Okawaru
  7856 | D:8      | Reached XP level 10. HP: 81/81 MP: 9/9
  7890 | D:8      | Reached skill level 9 in Shields
  8076 | D:8      | Gained mutation: Armour fits poorly on your strangely shaped body. [mutagenic meat]
  8077 | D:8      | Gained mutation: Your body sometimes deteriorates upon taking damage. [mutagenic meat]
  8078 | D:8      | Gained mutation: Your spells are a little harder to cast, but a little more powerful. [mutagenic meat]
  8687 | D:9      | Reached skill level 10 in Shields
  8946 | D:9      | Received a gift from Okawaru
  8946 | D:9      | Reached skill level 1 in Axes
  9146 | D:9      | Noticed Erica
  9158 | D:9      | Killed Erica
  9541 | D:10     | Entered Level 10 of the Dungeon
  9553 | D:10     | Reached skill level 11 in Shields
  9876 | D:10     | Reached skill level 10 in Armour
  9961 | D:10     | Reached XP level 11. HP: 84/90 MP: 7/10
 10140 | D:10     | Noticed Nergalle
 10147 | D:10     | Killed Nergalle
 10147 | D:10     | Received a gift from Okawaru
 10182 | D:10     | Reached skill level 5 in Long Blades
 10821 | D:11     | Found a staircase to the Orcish Mines.
 10842 | D:11     | Reached ****** piety under Okawaru
 11048 | D:11     | Found a staircase to the Lair.
 11056 | D:11     | Reached skill level 12 in Shields
 11118 | D:11     | Noticed Snorg
 11120 | D:11     | Noticed a red ugly thing
 11186 | D:11     | Killed a red ugly thing
 11199 | D:11     | Slain by Snorg

Skill      XL: |  1  2  3  4  5  6  7  8  9 10 11 |
---------------+----------------------------------+-----
Armour         | 4 5 6 7 9 10 | 10.2
Shields        | 4 5 6 8 11 12 | 12.2
Fighting       | 4 5 6 7 |  7.9
Maces & Flails | 2 4 5 7 |  7.5
Staves         | 5 6 |  6.3
Dodging        | 1 2 |  2.4
Stealth        | 1 2 |  2.5
Throwing       | 2 4 |  4.0
Axes           | 1 |  1.7
Long Blades    | 4 6 |  6.6
Invocations    | |  0.6

Action                   |  1- 3 |  4- 6 |  7- 9 | 10-12 || total
-------------------------+-------+-------+-------+-------++-------
Melee: Long sword        |    27 |       |       |       ||    27
       Headbutt          |    13 |    38 |    62 |    59 ||   172
       Mace              |    64 |   111 |       |       ||   175
       Dire flail        |       |    29 |       |       ||    29
       Whip              |       |    27 |   247 |   101 ||   375
       Quarterstaff      |       |       |   103 |       ||   103
       Rapier            |       |       |    31 |       ||    31
       Flail             |       |       |    30 |       ||    30
       Scimitar          |       |       |       |   240 ||   240
       Hand axe          |       |       |       |    34 ||    34
Throw: Tomahawk          |       |       |    22 |    20 ||    42
       Javelin           |       |       |       |     7 ||     7
Invok: Heroism           |       |       |     1 |     2 ||     3
  Use: Scroll            |       |     6 |     7 |     8 ||    21
       Potion            |       |     1 |       |       ||     1
 Stab: Paralysed         |       |       |     3 |       ||     3
  Eat: Chunk             |     1 |     7 |    15 |    12 ||    35
       Bread ration      |       |       |     1 |       ||     1
       Pizza             |       |       |       |     3 ||     3
Armor: Chain mail        |    40 |       |       |       ||    40
       Scale mail        |     2 |       |       |       ||     2
       Plate armour      |    35 |   118 |   170 |   158 ||   481
Dodge: Dodged            |    17 |    42 |    71 |    62 ||   192
Block: Shield            |    51 |    82 |    53 |       ||   186
       Large shield      |       |       |   102 |   396 ||   498
       Rpst.: Scimitar   |       |       |       |    11 ||    11
